 Dungeon Crawl Stone Soup version 0.28.0-45-g0d030f2227 (webtiles) character file.

Game seed: 304334175856853487

49 issech the Cudgeller (level 3, -2/36 HPs)
             Began as a Troll Monk on Apr 19, 2022.
             Killed from afar by a white imp (4 damage)
             ... with a puff of frost
             ... summoned by Natasha
             ... on level 2 of the Dungeon.
             The game lasted 00:04:28 (1019 turns).

issech the Cudgeller (Troll Monk)                   Turns: 1019, Time: 00:04:29

Health: -2/36      AC:  5    Str: 19    XL:     3   Next: 53%
Magic:  2/2        EV: 10    Int:  6    God:
Gold:   54         SH:  0    Dex: 14    Spells: 2/2 levels left

rFire   . . .      SeeInvis .   a - +0 mace
rCold   + . .      Faith    .   (no shield)
rNeg    . . .      Spirit   .   b - +0 robe
rPois   .          Reflect  .   (helmet restricted)
rElec   .          Harm     .   h - +0 cloak
rCorr   .          Rampage  .   (gloves unavailable)
Will    .....                   (boots unavailable)
Stlth   ++........              (no amulet)
HPRegen 0.92/turn               g - ring of protection from cold
MPRegen 0.08/turn               (no ring)

@: slowed, very slow
A: large, unfitting armour, claws 3, regeneration 1, shaggy fur 1, tough skin 1
a: no special abilities


You were on level 2 of the Dungeon.
You visited 1 branch of the dungeon, and saw 2 of its levels.

You collected 54 gold pieces.

Inventory:

Hand Weapons
 a - a +0 mace (weapon)
 f - a +0 hunting sling
Missiles
 c - 2 poisoned darts
 d - 27 stones (quivered)
 k - 32 sling bullets
Armour
 b - a +0 robe (worn)
 h - a +0 cloak (worn)
Jewellery
 g - a ring of protection from cold (left claw)
Scrolls
 e - a scroll of torment {unknown}
 l - a scroll of identify {unknown}
 m - 2 scrolls of vulnerability {unknown}
 n - a scroll of fog {unknown}
Potions
 i - a potion of lignification {unknown}
 j - 2 potions of brilliance {unknown}


   Skills:
 + Level 2.8 Fighting
 + Level 3.3 Maces & Flails
 + Level 2.8 Dodging
 + Level 1.1 Stealth


You had 2 spell levels left.
You didn't know any spells.
Your spell library contained the following spells:

 Spells                   Type           Power      Damage    Failure   Level
 Static Discharge         Conj/Air       0%         N/A       58%         2
 Ozocubu's Armour         Ice            0%         N/A       83%         3
 Lightning Bolt           Conj/Air       0%         1d11      100%        5
 Metabolic Englaciation   Hex/Ice        0%         N/A       100%        5
 Summon Forest            Summ/Tloc      0%         N/A       100%        5
 Summon Mana Viper        Hex/Summ       0%         N/A       100%        5
 Simulacrum               Ice/Necr       0%         N/A       100%        6
 Summon Cactus Giant      Summ           0%         N/A       100%        6
 Maxwell's Capacitive Co  Air            0%         ∞         100%        8


Dungeon Overview and Level Annotations

Branches:
Dungeon (2/15)

Altars:

Annotations:
D:2 Natasha


Innate Abilities, Weirdness & Mutations

You are too large for most types of armour.
You have claws for hands.
Your natural rate of healing is unusually fast.
You are covered in fur. (AC +1)
You have tough skin. (AC +1)


Message History

You closely miss Natasha. Natasha casts a spell at you.
You resist with significant effort. The white imp barely misses you.
Natasha closely misses you. The white imp gestures at you.
The puff of frost hits you. You resist.
You sock Natasha!
Natasha is heavily wounded.
The white imp grins evilly.
Natasha stares at you and mumbles some strange words.
You feel yourself slow down.
The white imp hits you but does no damage.
You closely miss Natasha.
Natasha is heavily wounded.
Natasha stares at you and mumbles some strange words.
The magic dart hits you. The white imp gestures at you.
The puff of frost hits you. You resist.
* * * LOW HITPOINT WARNING * * *
Natasha claws you.
* * * LOW HITPOINT WARNING * * *
The white imp closely misses you.
You hit Natasha.
Natasha is severely wounded.
The shadow imp disappears in a puff of smoke!
The white imp disappears in a puff of smoke!
Natasha claws you but does no damage. The white imp gestures at you.
The puff of frost hits you. You resist.
* * * LOW HITPOINT WARNING * * *
Natasha casts a spell.
You hit Natasha but do no damage.
Natasha is severely wounded.
The white imp hits you but does no damage.
Natasha stares at you and mumbles some strange words.
The magic dart hits you.
* * * LOW HITPOINT WARNING * * *
The white imp gestures at you. The puff of frost hits you. You resist.
You die...

#.#.#.#.......#.......# #.
#.#.#.#......J........# #.
#...#.#.......##......# #.
#####.#.÷.....##......# #. #
..#.'.......##......# #. #.
#.#.#......###...5..######. # ..
#.###......# #.............
....#.#....#########.............
......†........5@h5....# #.......
#####.####.###########.# #.......
# ####.# #..##....... #....#
#.##....... #.#### ##..#.......
#.# #........... #.# #.........#.
#.# #.........#. #.# #.........#.


You could see Natasha and 2 white imps.

Vanquished Creatures
  An adder (D:2)
  A worm (D:2)
  6 endoplasms
  2 giant cockroaches
  3 goblins (D:1)
  3 hobgoblins (D:1)
  3 jackals (D:1)
  A quokka (D:2)
  A ball python (D:2)
  4 bats
  2 frilled lizards
  3 kobolds
  4 rats
34 creatures vanquished.

Notes
Turn   | Place    | Note
-------+----------+-------------------------------------------
     0 | D:1      | issech the Troll Monk began the quest for the Orb.
     0 | D:1      | Reached XP level 1. HP: 22/22 MP: 0/0
   251 | D:1      | Reached XP level 2. HP: 29/29 MP: 1/1
   344 | D:1      | Found a faded altar of an unknown god.
   384 | D:1      | Reached skill level 3 in Maces & Flails
   766 | D:2      | Reached XP level 3. HP: 34/36 MP: 2/2
   998 | D:2      | Noticed Natasha
  1019 | D:2      | Killed from afar by a white imp

Illustrated notes

Levels and vault maps discovered:
D:1:      lightli_arrival_flooded_house, layout_rooms,
          shapermc_ecumenical_altar_mp_ritualfount
D:2:      layout_basic, lemuel_another_geyser, uniq_natasha

Skill      XL: |  1  2 |
---------------+-------+-----
Maces & Flails | 3 |  3.3
Fighting       | |  2.8
Dodging        | |  2.8
Stealth        | |  1.1

Action                   || total
-------------------------++-------
Melee: Mace              ||   108
       Punch             ||     2
Throw: Stone             ||     5
       Dart              ||     2
 Stab: Sleeping          ||     4
Armor: Robe              ||    57
Dodge: Dodged            ||    59
